 Dungeon Crawl Stone Soup version 0.21-a0-444-g29a2fec (webtiles) character file.

113 slep the Skirmisher (level 4, 0/37 HPs)
             Began as a Demonspawn Monk on Nov 18, 2017.
             Was a Believer of Okawaru.
             Slain by an orc (3 damage)
             ... on level 3 of the Dungeon.
             The game lasted 00:06:20 (1608 turns).

slep the Skirmisher (Demonspawn Monk)               Turns: 1608, Time: 00:06:20

Health: 0/37       AC:  5    Str: 11    XL:     4   Next: 65%
Magic:  4/4        EV: 12    Int: 11    God:    Okawaru [**....]
Gold:   137        SH:  0    Dex: 17    Spells: 3/3 levels left

rFire    . . .     SeeInvis .   a - +0 falchion
rCold    + . .     Gourm    .   (no shield)
rNeg     . . .     Faith    .   m - +0 ring mail
rPois    .         Spirit   .   (no helmet)
rElec    .         Reflect  .   (no cloak)
rCorr    .         Harm     .   (no gloves)
MR       .....                  (no boots)
Stlth    ++........             (no amulet)
HPRegen  0.12/turn              (no ring)
MPRegen  0.09/turn              (no ring)

@: lethally poisoned (0 -> 0)
A: cold resistance 1
a: Heroism, Renounce Religion


You were on level 3 of the Dungeon.
You worshipped Okawaru.
Okawaru was pleased with you.
You were hungry.

You visited 1 branch of the dungeon, and saw 3 of its levels.

You collected 137 gold pieces.

Inventory:

Hand Weapons
 a - a +0 falchion (weapon)
 l - a cursed +0 whip
Missiles
 d - 2 throwing nets (quivered)
Armour
 b - a +0 robe
 m - a +0 ring mail (worn)
Scrolls
 f - 2 scrolls of recharging {unknown}
 h - a scroll of enchant armour {unknown}
 i - 3 scrolls of identify {unknown}
 k - a scroll of teleportation {unknown}
 o - a scroll of enchant weapon {unknown}
Potions
 e - a potion of heal wounds {unknown}
 j - 2 potions of curing {unknown}
 p - 2 potions of brilliance {unknown}
Comestibles
 c - 2 bread rations
 g - a royal jelly
 n - 3 meat rations


   Skills:
 + Level 3.7 Fighting
 + Level 3.6 Long Blades
 + Level 1.0 Armour
 + Level 3.3 Dodging
 + Level 2.1 Stealth


You had 3 spell levels left.
You didn't know any spells.

Dungeon Overview and Level Annotations

Branches:
Dungeon (3/15)

Altars:
Okawaru


Innate Abilities, Weirdness & Mutations

Your flesh is cold resistant. (rC+)


Message History

The giant cockroach closely misses you.
The giant cockroach bites you but does no damage.
You hit the giant cockroach but do no damage.
The giant cockroach is severely wounded.
The giant cockroach closely misses you.
You riposte.
You closely miss the giant cockroach.
The giant cockroach is severely wounded.
An orc comes into view.
You barely miss the giant cockroach.
The giant cockroach is severely wounded.
You feel sick.
The giant cockroach bites you but does no damage.
You hit the giant cockroach.
You kill the giant cockroach!
Okawaru accepts your kill.
You closely miss the orc. The orc hits you.
* * * LOW HITPOINT WARNING * * *
You feel sick.
You barely miss the orc. The orc hits you.
You die...

...##.......#
#.#.......## ...........
#o....$.## #........#
#)#...##.# # #g##### ..
..# #.o.#### #.
..###@...# #.##
#....###.# ..#
####.###.# #.#
#........#
##.#######.............#
#......................#
#......................#
#.................##....
#.....†...........# ####


You could see an orc and a hobgoblin.

Vanquished Creatures
  An orc priest (D:3)
  A gnoll (D:1)
  2 adders
  2 oozes (D:1)
  A worm (D:2)
  A leopard gecko (D:1)
  2 orcs (D:3)
  7 bats
  2 giant cockroaches
  3 goblins
  5 hobgoblins
  3 frilled lizards (D:1)
  8 kobolds
  11 rats
49 creatures vanquished.

Notes
Turn   | Place    | Note
-------+----------+-------------------------------------------
     0 | D:1      | slep the Demonspawn Monk began the quest for the Orb.
     0 | D:1      | Reached XP level 1. HP: 18/18 MP: 1/1
   169 | D:1      | Gained mutation: Your flesh is cold resistant. (rC+) [demonic ancestry]
   169 | D:1      | Reached XP level 2. HP: 17/24 MP: 2/2
   325 | D:1      | Found an iron altar of Okawaru.
   333 | D:1      | Became a worshipper of Warmaster Okawaru
   333 | D:1      | Reached * piety under Okawaru
   333 | D:1      | Reached ** piety under Okawaru
   514 | D:1      | Reached XP level 3. HP: 13/29 MP: 3/3
  1228 | D:2      | Reached XP level 4. HP: 29/36 MP: 4/4
  1549 | D:3      | Reached skill level 1 in Armour
  1608 | D:3      | Slain by an orc

Vault maps used:
D:1:      dpeg_arrival_arbitrary_c, okawaru_ov_weapons_minmay
D:3:      first_bread, uniq_terence

Skill      XL: |  1  2  3  4 |
---------------+-------------+-----
Long Blades    | 3 |  3.6
Stealth        | 2 |  2.1
Dodging        | 3 |  3.3
Armour         | 1 |  1.0
Fighting       | |  3.7

Action                   |  1- 3 |  4- 6 || total
-------------------------+-------+-------++-------
Melee: Falchion          |   124 |    36 ||   160
 Stab: Sleeping          |     5 |       ||     5
  Eat: Chunk             |     1 |     1 ||     2
Armor: Robe              |     3 |       ||     3
       Ring mail         |    20 |    15 ||    35
Dodge: Dodged            |    93 |    26 ||   119
       Rpst.: Falchion   |    29 |     5 ||    34

Table legend:
 A = Spawn XP
 B = Non-spawn XP
 C = Spawn XP percentage of total XP
 D = Spawn monster count
 E = Non-spawn monster count
 F = Spawn count percentage of total count
 G = Total turns spent on level
                    A         B        C        D         E        F      G
               +---------+---------+-------+---------+---------+-------+---------
         Total |       0 |     162 |   0.0 |       0 |      49 |   0.0 |  1608
               +---------+---------+-------+---------+---------+-------+---------
           D:1 |       0 |      65 |   0.0 |       0 |      28 |   0.0 |   848
           D:2 |       0 |      36 |   0.0 |       0 |      16 |   0.0 |   677
           D:3 |       0 |      61 |   0.0 |       0 |       5 |   0.0 |    83
               +---------+---------+-------+---------+---------+-------+---------
